AoeStats
← Juanpiola

Arabia

510043140Analyzed
1v1 RM · 4d ago on Sep 29, 2026· 44m 34s· 2 players
Game mode
Random Map
Map size
Tiny (2 player)
Population
200
Speed
Normal
Resources
Standard
Victory
Conquest
Starting age
Dark Age
Ending age
Imperial Age
RankedLock teamsTeams togetherTeam positionsShared explorationLock speedFull tech treeHidden civsTurbo modeCheats
Victory
Defeat
🇬🇧 Lithuanians · United Kingdom
896
+14
🇦🇷 Bohemians · Argentina
861
-14
Juanpiola
13:28 Feudal Age
12:44 Loom
18:21 Double-Bit Axe
20:54 Horse Collar
23:30 Town Watch
23:31 Loom
26:36 Castle Age
26:41 Scale Mail Armor
26:52 Forging
26:44 Pikeman
27:19 Light Cavalry
28:00 Husbandry
32:11 Squires
32:30 Chain Mail Armor
32:51 Iron Casting
33:26 Wheelbarrow
32:21 Crossbowman
36:50 Fletching
38:23 Hand Cart
42:09 Bow Saw
swinchstep
7:08 Loom
9:44 Feudal Age
10:47 Double-Bit Axe
14:52 Horse Collar
22:20 Castle Age
20:15 Gold Mining
22:07 Man-at-Arms
24:59 Bow Saw
24:53 Heavy Plow
25:08 Arson
26:48 Scale Barding Armor
28:31 Bloodlines
29:18 Scale Mail Armor
29:43 Long Swordsman
31:35 Pikeman
32:16 Squires
32:34 Husbandry
36:06 Wheelbarrow
35:16 Town Watch
36:01 Chain Barding Armor
41:34 Hand Cart
42:23 Forging
46:05 Imperial Age
Connection lost

Rejoining the realm…

Still unreachable

The connection could not be restored.

Session expired

The server has moved on; the page needs a fresh start.